 Dungeon Crawl Stone Soup version 0.26-a0-451-gacbe401039 (webtiles) character file.

Game seed: 2185944278529132327

226682 DeltaSign the Severer (level 18, 0/255 HPs)
             Began as a Minotaur Berserker on July 28, 2020.
             Was the Champion of Trog.
             Hit by a silver javelin thrown by a merfolk javelineer (1 damage)
             ... on level 1 of the Shoals.
             The game lasted 01:34:30 (27586 turns).

DeltaSign the Severer (Minotaur Berserker)         Turns: 27586, Time: 01:34:30

Health: 0/255      AC: 19    Str: 29    XL:     18   Next: 65%
Magic:  10/17      EV: 13    Int:  1    God:    Trog [******]
Gold:   589        SH: 38    Dex: 16    Spells: 17/17 levels left

rFire    + . .     SeeInvis .   a - +6 broad axe (flame)
rCold    + . .     Faith    .   R - +10 tower shield of Ignorance {rN+ Int-4}
rNeg     + + .     Spirit   .   Z - +0 plate armour "Gapirr" {rF+ rN+ Regen+}
rPois    +         Reflect  +   N - +0 hat
rElec    .         Harm     .   k - +2 cloak
rCorr    .                      F - +0 pair of gloves {Str+3}
MR       ++...                  d - +0 pair of boots
Stlth    ..........             i - amulet of reflection
HPRegen  0.92/turn              s - ring of the Snail {rPois rC+ Str+3 Stlth+}
MPRegen  0.15/turn              K - ring of protection from magic

@: berserking, marked, very quick
A: retaliatory headbutt, horns 2, deformed body
}: 1/15 runes: serpentine
a: Berserk, Trog's Hand, Brothers in Arms, Renounce Religion


You were on level 1 of the Shoals.
You worshipped Trog.
Trog was exalted by your worship.
You visited 5 branches of the dungeon, and saw 28 of its levels.
You also visited: Sewer, Ossuary and Ice Cave.

You collected 3614 gold pieces.
You spent 3025 gold pieces at shops.

Inventory:

Hand Weapons
 a - a +6 broad axe of flaming (weapon)
 b - a +3 broad axe of flaming
Armour
 d - a +0 pair of boots (worn)
 k - a +2 cloak (worn)
 F - a +0 pair of gloves of strength (worn)
 N - a +0 hat (worn)
 R - the +10 tower shield of Ignorance (worn) {rN+ Int-4}
   (You bought it in a shop on level 12 of the Dungeon)

   It affects your intelligence (-4).
   It protects you from negative energy.
 X - the +0 plate armour "Uptu" {+Inv rPois rCorr Str-2}
   (You bought it in a shop on level 2 of the Orcish Mines)

   It affects your strength (-2).
   It protects you from poison.
   It lets you turn invisible.
   It provides partial protection from all sources of acid and corrosion.
 Z - the +0 plate armour "Gapirr" (worn) {rF+ rN+ Regen+}
   (You bought it in a shop on level 12 of the Dungeon)

   It protects you from fire.
   It protects you from negative energy.
   It increases your rate of regeneration.
Jewellery
 i - an amulet of reflection (around neck)
 s - the ring of the Snail (left hand) {rPois rC+ Str+3 Stlth+}
   (You found it on level 4 of the Dungeon)

   [ring of poison resistance]

   It affects your strength (+3).
   It protects you from cold.
   It protects you from poison.
   It makes you more stealthy.
 t - the ring "Weg Lupe" {Fire Str+3 Dex+3}
   (You found it on level 10 of the Dungeon)

   [ring of fire]

   It enhances your fire magic.
   It affects your strength (+3).
   It affects your dexterity (+3).
   It protects you from fire.
   It makes you vulnerable to cold.
 w - an uncursed ring of poison resistance
 G - an uncursed ring of resist corrosion
 K - a ring of protection from magic (right hand)
 S - the ring "Mufy" {*Tele rF- Int+7}
   (You found it in an ice cave)

   [ring of teleportation]

   It may teleport you next to monsters.
   It affects your intelligence (+7).
   It makes you vulnerable to fire.
Wands
 u - a wand of polymorph (34)
 y - a wand of flame (17)
 A - a wand of random effects (40)
 C - a wand of paralysis (12)
 E - a wand of disintegration (25)
 J - a wand of digging (14)
 T - a wand of enslavement (16)
 V - a wand of clouds (8)
 W - a wand of iceblast (19)
Scrolls
 e - 7 scrolls of immolation
 f - 7 scrolls of enchant armour
 l - 20 scrolls of remove curse
 m - 11 scrolls of fog
 n - 11 scrolls of teleportation
 r - 3 scrolls of fear
 v - 8 scrolls of magic mapping
 z - a scroll of summoning
 B - 5 scrolls of blinking
 D - 8 scrolls of enchant weapon
 H - 3 scrolls of identify
 O - 3 scrolls of vulnerability
 U - a scroll of silence
Potions
 c - 6 potions of haste
 g - 4 potions of stabbing
 h - 4 potions of invisibility
 j - 7 potions of flight
 o - 5 potions of mutation
 p - 14 potions of curing
 q - 6 potions of lignification
 x - 3 potions of ambrosia
 I - 4 potions of heal wounds
 L - 2 potions of might
 M - a potion of resistance


   Skills:
 + Level 17.6 Fighting
 * Level 20.6 Axes
 + Level 16.1 Armour
 - Level 10.5 Dodging
 * Level 18.2 Shields


You had 17 spell levels left.
You didn't know any spells.
Your spell library was empty.

Dungeon Overview and Level Annotations

Branches:
Dungeon (15/15)            Temple (0/1) D:4            Lair (6/6) D:9
 Shoals (1/4) Lair:4        Snake (4/4) Lair:3        Slime (0/5) Lair:6
    Orc (2/2) D:10            Elf (0/3) Orc:2        Vaults (0/5) D:13
 Depths (0/5) D:15          Sewer (visited)         Ossuary (visited)
  IceCv (visited)

Altars:
Ashenzari
Fedhas
Gozag
Hepliaklqana
Kikubaaqudgha
Makhleb
The Shining One
Beogh
Jiyva

Shops:
D:2 *   D:6 (}(   D:8 (   D:9 *   D:12 [[   Orc:2 (*([=   Snake:1 =

Annotations:
Lair:4 exclusion: 4 oklob plants
Shoals:1 Ge0ff's ghost, adept HuBe


Innate Abilities, Weirdness & Mutations

You reflexively headbutt those who attack you in melee.
You have a pair of horns on your head.
Armour fits poorly on your strangely shaped body.


Message History

* * * LOW HITPOINT WARNING * * *
The merfolk impaler hits you with a +4 antimagic trident!!
* * * LOW HITPOINT WARNING * * *
You feel your power leaking away. You block the merfolk's attack.
You block the snapping turtle's attack.
You barely miss the merfolk impaler. You headbutt the merfolk impaler!!
The merfolk impaler is severely wounded.
You slash the water elemental! You burn the water elemental!
You miss the merfolk javelineer.
The merfolk javelineer throws a silver javelin.
The silver javelin pierces through you but does no damage.
The silver sears you!
* * * LOW HITPOINT WARNING * * *
The silver javelin pierces through the merfolk impaler!
The merfolk impaler barely misses you.
The merfolk javelineer throws a silver javelin.
The silver javelin pierces through you.
* * * LOW HITPOINT WARNING * * *
The silver sears you!
You die...

≈≈≈≈≈≈..##....###.(≈≈≈
≈≈≈≈≈≈≈.#.((.....)..≈..≈
≈≈≈≈.≈≈...()...≈........
≈≈≈≈.≈≈.............m...
.....≈≈...........(.....
..........(.............
....#......$(≈..t....c..
..)##.≈.....((.)m.......
..##..≈....†...(@.m.....
.###..≈....≈...)Em......
≈..#[..≈≈≈≈.........©...
≈.###.≈≈≈≈....m.########
≈.###.≈≈≈≈≈....##8WHm:[8
≈≈....≈≈.......#mSkm[...
≈≈....≈...≈..?.#.##...##
≈≈.≈≈≈≈≈≈≈.....#.# ...#
...≈≈≈≈≈≈


You could see a merfolk avatar, 2 merfolk impalers, 2 merfolk javelineers, a sea
snake, a snapping turtle, a wind drake (repels missiles), 3 merfolk, a faun, a
hippogriff, a water elemental and Ge0ff's ghost.

Vanquished Creatures
  Jorgrun (Orc:1)
  Gastronok (D:11)
  11 nagarajas
  3 orc warlords
  The ghost of snadeaben the Bludgeoner, a journeyman MiBe of Trog (Orc:2)
  5 dire elephants (Lair:6)
  A merfolk impaler (Shoals:1)
  The ghost of Keong the Spear-Bearer, a journeyman MfGl of Okawaru (Lair:1)
  A yaktaur captain (D:15)
  24 naga warriors
  A vault guard (D:13)
  The ghost of voshxx the Spry, a journeyman TeCj of Vehumet (Lair:2)
  7 hydras
  A catoblepas (Lair:3)
  A merfolk aquamancer (Shoals:1)
  6 anacondas
  5 two-headed ogres
  A merfolk avatar (Shoals:1)
  6 centaur warriors
  A tengu warrior (D:13)
  An orc high priest (Orc:2)
  17 naga sharpshooters
  8 shock serpents
  Nergalle (Orc:2)
  Urug (Orc:1)
  4 salamander mystics
  A wizard (D:13)
  12 naga ritualists
  3 unseen horrors
  5 harpies (Shoals:1)
  7 mana vipers
  3 orc knights (Orc:2)
  3 deep elf magi
  A wolf spider (Lair:2)
  3 manticores
  2 orc sorcerers (Orc:2)
  4 cyclopes
  14 ugly things
  18 salamanders
  Maurice (Orc:2)
  16 elephants
  22 naga magi
  34 black mambas
  5 guardian serpents
  3 ice statues (IceCv)
  A rime drake (Lair:1)
  3 kobold demonologists
  13 cane toads
  A rime drake (shapeshifter) (D:15)
  6 komodo dragons
  A yaktaur (D:15)
  2 trolls
  A tengu conjurer (D:13)
  3 merfolk (Shoals:1)
  A polar bear (Lair:6)
  9 blink frogs
  11 dream sheep
  14 hippogriffs
  5 slime creatures
  4 wraiths
  A vampire (D:13)
  A wyvern (Lair:2)
  64 yaks
  5 basilisks
  14 vampire mosquitoes
  Menkaure (D:4)
  65 nagas
  3 wargs (Orc:2)
  2 acid dragons (D:13)
  A soldier ant (D:10)
  13 water moccasins
  5 porcupines
  A sky beast (D:12)
  Purgy (Sewer)
  A black bear (shapeshifter) (D:13)
  8 ice beasts
  31 orc warriors
  5 boggarts
  7 phantoms
  20 wolves
  8 ogres
  18 centaurs
  7 crocodiles
  3 big kobolds
  Blork the orc (Orc:2)
  A wyvern zombie (D:8)
  19 bullfrogs
  3 scorpions
  A water moccasin skeleton (D:8)
  2 wyvern skeletons
  A water moccasin zombie (Ossuary)
  2 spectral ogres (Orc:2)
  4 wights
  13 killer bees
  An electric eel (Lair:3)
  A crimson imp (D:7)
  2 howler monkeys
  4 bullfrog zombies (Ossuary)
  5 jellies
  A quasit (D:7)
  5 centaur zombies
  3 hounds
  8 orc priests
  8 centaur skeletons
  2 iguanas
  14 mummies (Ossuary)
  3 bullfrog skeletons
  A warg simulacrum (Orc:2)
  18 orc wizards
  A spectral orc (Orc:2)
  10 worker ants
  2 killer bee zombies (Ossuary)
  5 hound zombies
  A howler monkey zombie (Ossuary)
  5 worker ant zombies (Ossuary)
  A gnoll (D:1)
  19 adders
  An ogre simulacrum (Orc:2)
  14 white imps
  2 ufetubi
  An ooze (D:5)
  An orc simulacrum (Orc:2)
  4 adder zombies
  A worm (D:2)
  2 dart slugs
  11 leopard geckos
  75 orcs
  5 ball pythons
  4 giant cockroaches
  15 goblins
  10 hobgoblins
  8 jackals
  6 quokkas
  A ball python zombie (D:6)
  3 bats
  4 frilled lizards
  24 kobolds
  A leopard gecko zombie (Ossuary)
  A quokka skeleton (D:7)
  A quokka zombie (Ossuary)
  13 rats
  2 rat zombies (D:5)
  7 fungi
  8 plants
1020 creatures vanquished.

Vanquished Creatures (others)
  2 naga magi (Snake:4)
  A human (D:5)
  An orc wizard (Orc:2)
  5 fungi
  15 plants
  A withered plant (Ossuary)
25 creatures vanquished.

Grand Total: 1045 creatures vanquished

Notes
Turn   | Place    | Note
-------+----------+-------------------------------------------
     0 | D:1      | DeltaSign the Minotaur Berserker began the quest for the
                  | Orb.
     0 | D:1      | Reached XP level 1. HP: 19/19 MP: 0/0
   113 | D:1      | Reached XP level 2. HP: 27/27 MP: 1/1
   342 | D:1      | Reached skill level 4 in Axes
   342 | D:1      | Reached XP level 3. HP: 17/33 MP: 2/2
   848 | D:2      | Reached ** piety under Trog
   917 | D:2      | Found an opulent altar of Gozag.
   921 | D:2      | Found Gozag's Platinum Reserve.
  1441 | D:2      | Reached XP level 4. HP: 41/41 MP: 3/3
  1989 | D:3      | Found a glowing golden altar of the Shining One.
  2016 | D:3      | Reached skill level 5 in Fighting
  2212 | D:3      | Reached XP level 5. HP: 48/48 MP: 4/4
  2231 | D:3      | Reached *** piety under Trog
  2724 | D:4      | Found a glowing drain.
  2728 | Sewer    | Entered a sewer
  2791 | Sewer    | Noticed Purgy
  2809 | Sewer    | Killed Purgy
  2809 | Sewer    | Reached XP level 6. HP: 36/57 MP: 5/5
  3005 | D:4      | Reached skill level 5 in Axes
  3042 | D:4      | Noticed Menkaure
  3052 | D:4      | Killed Menkaure
  3366 | D:4      | Reached XP level 7. HP: 64/64 MP: 6/6
  3553 | D:4      | Found a staircase to the Ecumenical Temple.
  3562 | D:4      | Got a vibrating brass ring
  3825 | D:4      | Reached **** piety under Trog
  3910 | D:4      | Identified the ring of the Snail {rPois rC+ Str+3 Stlth+}
                  | (You found it on level 4 of the Dungeon)
  3940 | D:5      | Entered Level 5 of the Dungeon
  3997 | D:5      | Found a sand-covered staircase.
  4005 | Ossuary  | Entered an ossuary
  4022 | Ossuary  | Reached skill level 5 in Armour
  4057 | Ossuary  | Reached skill level 6 in Axes
  4151 | Ossuary  | Reached XP level 8. HP: 63/74 MP: 7/7
  4183 | Ossuary  | Reached skill level 5 in Dodging
  5006 | D:5      | Reached ***** piety under Trog
  5009 | D:5      | Found an ancient bone altar of Kikubaaqudgha.
  5177 | D:6      | Found Etogaq's Gadget Emporium.
  5190 | D:6      | Found Teimn's Weapon Boutique.
  5203 | D:6      | Reached skill level 7 in Axes
  5370 | D:6      | Found Mideckun's Weapon Emporium.
  5637 | D:7      | Reached XP level 9. HP: 58/85 MP: 8/8
  5895 | D:7      | Reached skill level 10 in Fighting
  6125 | D:7      | Found a burning altar of Makhleb.
  6334 | D:8      | Noticed a two-headed ogre
  6350 | D:8      | Killed a two-headed ogre
  6350 | D:8      | Reached skill level 8 in Axes
  6595 | D:8      | Found Cocwuf's Antique Weapon Boutique.
  6674 | D:8      | Reached XP level 10. HP: 96/96 MP: 9/9
  6833 | D:8      | Found a glowing golden altar of the Shining One.
  6978 | D:9      | Found Quxotir's Serpentskin Sales.
  6984 | D:9      | Reached skill level 9 in Axes
  7214 | D:9      | Found a staircase to the Lair.
  7258 | D:9      | Reached skill level 10 in Axes
  7464 | D:10     | Entered Level 10 of the Dungeon
  7553 | D:10     | Got a flickering copper ring
  7588 | D:10     | Identified the ring "Weg Lupe" {Fire Str+3 Dex+3} (You
                  | found it on level 10 of the Dungeon)
  7679 | D:10     | Found a shattered altar of Ashenzari.
  7780 | D:10     | Found a staircase to the Orcish Mines.
  8046 | D:10     | Reached XP level 11. HP: 96/104 MP: 10/10
  8099 | D:10     | Reached ****** piety under Trog
  8302 | D:11     | Noticed Gastronok
  8315 | D:11     | Reached skill level 11 in Axes
  8319 | D:11     | Killed Gastronok
  8650 | D:11     | Reached skill level 10 in Armour
  9055 | D:12     | Reached skill level 12 in Axes
  9121 | D:12     | Killed an unseen horror
  9181 | D:12     | Noticed a two-headed ogre
  9191 | D:12     | Killed a two-headed ogre
  9242 | D:12     | Found Lucvigatig's Antique Armour Shoppe.
  9378 | D:12     | Found Ohuleuv's Armour Boutique.
  9450 | D:12     | Reached XP level 12. HP: 75/115 MP: 11/11
  9519 | D:12     | Reached skill level 13 in Axes
  9519 | D:12     | Reached skill level 10 in Dodging
  9812 | D:12     | Bought the +10 tower shield of Ignorance {rN+ Int-4} for
                  | 859 gold pieces
  9812 | D:12     | Found the +10 tower shield of Ignorance {rN+ Int-4}
  9903 | Lair:1   | Entered Level 1 of the Lair of Beasts
  9940 | Lair:1   | Reached skill level 1 in Shields
  9971 | Lair:1   | Found a frozen archway.
  9982 | Lair:1   | Received a gift from Trog
 10004 | IceCv    | Entered an ice cave
 10355 | IceCv    | Got a pitted wooden ring
 10368 | IceCv    | Identified the ring "Mufy" {*Tele rF- Int+7} (You found it
                  | in an ice cave)
 10872 | Lair:1   | Noticed a seven-headed hydra
 10874 | Lair:1   | Killed a five-headed hydra
 10915 | Lair:1   | Found a runed translucent gate.
 10915 | Lair:1   | Found a runed translucent gate.
 10916 | Lair:1   | Found a runed translucent gate.
 10916 | Lair:1   | Noticed Keong's ghost (journeyman MfGl)
 10933 | Lair:1   | Killed Keong's ghost
 10933 | Lair:1   | Reached skill level 5 in Shields
 10971 | Lair:2   | Found a runed translucent door.
 10975 | Lair:2   | Noticed voshxx's ghost (journeyman TeCj)
 11006 | Lair:2   | Reached skill level 14 in Axes
 11146 | Lair:2   | Noticed an eight-headed hydra
 11154 | Lair:2   | Killed a five-headed hydra
 11154 | Lair:2   | Reached XP level 13. HP: 90/123 MP: 12/12
 11313 | Lair:2   | Received a gift from Trog
 11831 | Lair:2   | Killed voshxx's ghost
 11886 | Lair:3   | Found a staircase to the Snake Pit.
 13487 | Lair:4   | Reached skill level 15 in Axes
 13814 | Lair:4   | Found a staircase to the Shoals.
 14500 | Lair:5   | Received a gift from Trog
 14876 | Lair:6   | Entered Level 6 of the Lair of Beasts
 14991 | Lair:6   | Found a staircase to the Slime Pits.
 14991 | Lair:6   | Found a viscous altar of Jiyva.
 15198 | Lair:6   | Reached XP level 14. HP: 128/133 MP: 13/13
 15237 | Lair:6   | Reached skill level 10 in Shields
 15353 | Lair:6   | Reached skill level 16 in Axes
 16399 | Lair:6   | Reached skill level 15 in Fighting
 16786 | D:13     | Found Lunout's Gadget Boutique.
 16826 | D:13     | Received a gift from Trog
 17084 | D:13     | Found a blossoming altar of Fedhas.
 17212 | D:13     | Found a gate to the Vaults.
 17943 | D:13     | Reached skill level 17 in Axes
 18293 | D:14     | Received a gift from Trog
 18540 | Orc:1    | Entered Level 1 of the Orcish Mines
 18555 | Orc:1    | Found a roughly hewn altar of Beogh.
 18602 | Orc:1    | Noticed an orc warlord
 18611 | Orc:1    | Noticed Urug
 18620 | Orc:1    | Killed an orc warlord
 18620 | Orc:1    | Reached XP level 15. HP: 141/141 MP: 14/14
 18639 | Orc:1    | Killed Urug
 18758 | Orc:1    | Noticed Jorgrun
 18795 | Orc:1    | Killed Jorgrun
 19070 | Orc:2    | Entered Level 2 of the Orcish Mines
 19070 | Orc:2    | Found Bicvigaz's Weapon Shop.
 19139 | Orc:2    | Noticed Nergalle
 19161 | Orc:2    | Killed Nergalle
 19179 | Orc:2    | Noticed Maurice
 19199 | Orc:2    | Killed Maurice
 19201 | Orc:2    | Noticed an orc warlord
 19235 | Orc:2    | Killed an orc warlord
 19320 | Orc:2    | Found a staircase to the Elven Halls.
 19329 | Orc:2    | Noticed an orc warlord
 19347 | Orc:2    | Received a gift from Trog
 19358 | Orc:2    | Killed an orc warlord
 19453 | Orc:2    | Noticed Blork the orc
 19466 | Orc:2    | Killed Blork the orc
 19478 | Orc:2    | Found a roughly hewn altar of Beogh.
 19497 | Orc:2    | Found Yppyesm's Antique Armour Boutique.
 19515 | Orc:2    | Found Oklellytu's Jewellery Boutique.
 19596 | Orc:2    | Found a runed translucent gate.
 19596 | Orc:2    | Found a runed translucent gate.
 19598 | Orc:2    | Found a runed translucent gate.
 19804 | Orc:2    | Found Renuhat's General Store.
 19819 | Orc:2    | Found Vume's Antique Weapon Boutique.
 19848 | Orc:2    | Noticed snadeaben's ghost (journeyman MiBe)
 19871 | Orc:2    | Killed snadeaben's ghost
 19934 | Orc:2    | Bought a heavily runed plate armour for 756 gold pieces
 19945 | Orc:2    | Identified the +0 plate armour "Uptu" {+Inv rPois rCorr
                  | Str-2} (You bought it in a shop on level 2 of the Orcish
                  | Mines)
 20041 | D:12     | Bought a black opal-studded plate armour for 728 gold
                  | pieces
 20051 | D:12     | Identified the cursed +0 plate armour "Gapirr" {rF+ rN+
                  | Regen+} (You bought it in a shop on level 12 of the
                  | Dungeon)
 20119 | D:15     | Entered Level 15 of the Dungeon
 20130 | D:15     | Gained mutation: Armour fits poorly on your strangely
                  | shaped body. [a neqoxec]
 20470 | D:15     | Reached skill level 18 in Axes
 20519 | D:15     | Found a staircase to the Depths.
 20651 | D:15     | Received a gift from Trog
 21418 | Snake:1  | Entered Level 1 of the Snake Pit
 21697 | Snake:1  | Found a hazy altar of Hepliaklqana.
 22020 | Snake:1  | Received a gift from Trog
 22065 | Snake:1  | Reached XP level 16. HP: 147/151 MP: 15/15
 22276 | Snake:1  | Found Cive's Jewellery Shop.
 22783 | Snake:2  | Reached skill level 15 in Shields
 22977 | Snake:2  | Reached skill level 19 in Axes
 23250 | Snake:2  | Received a gift from Trog
 23581 | Snake:2  | Identified a scroll of acquirement
 23585 | Snake:2  | Acquired 770 gold pieces
 23589 | Snake:2  | Reached XP level 17. HP: 159/159 MP: 16/16
 23635 | Snake:1  | Bought an uncursed amulet of reflection for 480 gold pieces
 23844 | Orc:2    | Bought a pair of glowing gloves for 202 gold pieces
 24060 | Snake:3  | Reached skill level 15 in Armour
 24183 | Snake:3  | Found a burning altar of Makhleb.
 25435 | Snake:4  | Entered Level 4 of the Snake Pit
 25791 | Snake:4  | Received a gift from Trog
 26199 | Snake:4  | Reached XP level 18. HP: 155/169 MP: 17/17
 26554 | Snake:4  | Received a gift from Trog
 26567 | Snake:4  | Reached skill level 20 in Axes
 27017 | Snake:4  | Got a serpentine rune of Zot
 27504 | Shoals:1 | Entered Level 1 of the Shoals
 27552 | Shoals:1 | Noticed Ge0ff's ghost (adept HuBe)
 27567 | Shoals:1 | Found the +4 Cigotuvi's embrace {rRot *Drain rN+}
 27568 | Shoals:1 | Received a gift from Trog
 27585 | Shoals:1 | HP: 8/255 [merfolk impaler/+4 antimagic trident (20)]
 27586 | Shoals:1 | HP: 1/255 [merfolk javelineer/silver javelin (6)]
 27586 | Shoals:1 | Hit by a silver javelin thrown by a merfolk javelineer

Illustrated notes

Levels and vault maps discovered:
D:1:      dpeg_arrival_boxorama, layout_rooms
D:2:      layout_loops_cross, nicolae_gozag_zags_fifth_avenue
D:3:      kennysheep_six_static_rooms, layout_basic, lemuel_altar_in_water
D:4:      layout_loops_cross, minmay_temple_entry_mist, gup_sewer_entry_bowl,
          uniq_menkaure
D:5:      layout_rooms, enter_ossuary_4, tgw_kikubaaqudgha
D:6:      layout_cave_pools, serial_shops, nicolae_shop_trees, shop, shop
D:7:      layout_cave_pools, makhleb_grotto_becter
D:8:      layout_basic, serial_shops, nicolae_shop_competitors_out_of_business,
          basic_altar, minmay_starry_boxes
D:9:      layout_roguey, dpeg_oklobed_lair, guppyfry_shop_venom
D:10:     layout_loops_ring, orc_0_dummy, basic_altar
D:11:     layout_loops_ring, nrook_mini_backslash, uniq_gastronok
D:12:     layout_roguey, serial_shops, shop_fountains, shop
D:13:     layout_loops_ring, david_vaults_5, basic_altar, serial_shops, shop
D:14:     layout_big_octagon, chequers_garden, minmay_mirror_moons_of_madness
D:15:     grunt_enter_depths_snipers, layout_stronghold, serial_bayou_pond_e
Lair:1:   layout_concentric_octagons, ebering_ghost_rock_garden,
          portal_ice_cave_entry_imps, grunt_megastairs_4
Lair:2:   minmay_lair_venomous_thicket, layout_chaotic_city,
          ebering_ghost_reflecting_pool, beast_lair_carwin_11
Lair:3:   layout_layer_cave, dummy_snake_entry, serial_bayou_shore_a
Lair:4:   layout_small_grid, shoals_dummy_entry, minmay_lair_oklob_chamber,
          lemuel_fruit_tree, lemuel_fruit_fields, infiniplex_staircase_pool
Lair:5:   layout_roguey
Lair:6:   due_jungle_book, layout_cave_pods, slime_altar_1
Shoals:1: layout_shoals, gammafunk_ghost_arena, st_sunken_huts
Snake:1:  cheibrodos_snake_lava_hold, layout_gridlike, basic_altar,
          serial_shops, shop, serial_bayou_shore_b
Snake:2:  layout_honeycomb
Snake:3:  layout_basic, basic_altar
Snake:4:  grunt_snake_rune_spirals, layout_onion
Orc:1:    layout_diamond_mine, basic_altar, uniq_jorgrun, uniq_urug
Orc:2:    grunt_orc_cross, layout_caves, gammafunk_ghost_necromancy,
          serial_shops, shop, uniq_maurice

Skill      XL: |  1  2  3  4  5  6  7  8  9 10 11 12 13 14 15 16 17 18 |
---------------+-------------------------------------------------------+-----
Fighting       | 4 5 6 7 9 11 12 13 14 15 16 17 | 17.6
Axes           | 4 5 6 7 8 10 12 14 15 17 18 19 20 | 20.6
Armour         | 3 4 5 6 8 9 10 11 12 13 14 15 16 | 16.1
Dodging        | 3 4 6 7 8 9 10 | 10.5
Shields        | 6 9 12 14 16 17 18 | 18.2

Action                   |  1- 3 |  4- 6 |  7- 9 | 10-12 | 13-15 | 16-18 || total
-------------------------+-------+-------+-------+-------+-------+-------++-------
Melee: Hand axe          |    86 |   133 |   274 |       |       |       ||   493
       Headbutt          |    11 |    20 |    94 |   150 |   325 |   187 ||   787
       War axe           |       |       |    85 |   405 |    81 |       ||   571
       Battleaxe         |       |       |       |   155 |       |       ||   155
       Broad axe         |       |       |       |       |  1088 |   695 ||  1783
Invok: Berserk           |     1 |     1 |     2 |     6 |     7 |     3 ||    20
Evoke: Wand              |       |       |       |       |     3 |       ||     3
  Use: Scroll            |       |    13 |     5 |     6 |    12 |     6 ||    42
       Potion            |       |       |       |       |       |     1 ||     1
 Stab: Sleeping          |     2 |       |       |       |       |       ||     2
Armor: Animal skin       |     8 |       |       |       |       |       ||     8
       Leather armour    |     4 |    19 |       |       |       |       ||    23
       Scale mail        |       |    36 |    74 |       |       |       ||   110
       Ring mail         |       |     1 |       |       |       |       ||     1
       Plate armour      |       |       |    76 |   240 |   435 |    75 ||   826
       Chain mail        |       |       |     3 |       |       |       ||     3
Dodge: Dodged            |    60 |   100 |   213 |   223 |   277 |    95 ||   968
Block: Tower shield      |       |       |       |   251 |  1572 |   876 ||  2699
       Reflection        |       |       |       |       |       |   158 ||   158

Table legend: (Time is in decaauts)
 A = Elapsed time spent in this place.
 B = Non-inter-level travel time spent in this place.
 C = Inter-level travel time spent in this place.
 D = Time resting spent in this place.
 E = Time spent auto-exploring this place.
 F = Levels seen in this place.
 G = Mean time per level.
                   A        B        C        D        E       F      G
               +--------+--------+--------+--------+--------+-----+--------+
         Total |  27538 |  25449 |   2089 |   4082 |  15852 |  31 |  888.3 |
       Dungeon |  12344 |  11347 |    997 |   1513 |   7562 |  15 |  822.9 |
          Lair |   6738 |   6140 |    598 |    659 |   4234 |   6 | 1123.0 |
        Shoals |     72 |     72 |      0 |      0 |     36 |   1 |   72.0 |
     Snake Pit |   5468 |   5089 |    379 |   1141 |   2926 |   4 | 1367.0 |
  Orcish Mines |   1477 |   1363 |    114 |    246 |    729 |   2 |  738.5 |
         Sewer |    252 |    252 |      0 |      0 |    190 |   1 |  252.0 |
       Ossuary |    786 |    786 |      0 |    345 |    153 |   1 |  786.0 |
      Ice Cave |    398 |    398 |      0 |    176 |     19 |   1 |  398.0 |
               +--------+--------+--------+--------+--------+-----+--------+

Top non-repeatable levels by time:
 Snake:4: 1862 daAuts
  Lair:3: 1631 daAuts
  Lair:6: 1540 daAuts
 Snake:3: 1413 daAuts
    D:13: 1178 daAuts
 Snake:2: 1178 daAuts
    D:15: 1108 daAuts
     D:3: 1082 daAuts
     D:4: 1078 daAuts
 Snake:1: 1014 daAuts
    D:11: 980 daAuts
  Lair:2: 976 daAuts
  Lair:5: 973 daAuts
    D:12: 937 daAuts
    D:10: 917 daAuts
